 Dungeon Crawl Stone Soup version 0.31-a0-614-gc85dc1c48c (webtiles) character file.

Game seed: 683122128747594831

6599 AdnanSaban the Basher (level 11, -3/66 (69) HPs)
             Began as a Gargoyle Fighter on Aug 22, 2023.
             Was a Follower of Okawaru.
             Slain by a sixfirhy (9 damage)
             ... on level 2 of the Abyss.
             The game lasted 00:10:40 (11503 turns).

AdnanSaban the Basher (Gargoyle Fighter)           Turns: 11503, Time: 00:10:40

HP:   -3/66 (69)    AC: 25    Str: 30    XL:     11   Next: 2%
MP:   11/11         EV:  8    Int:  9    God:    Okawaru [*.....]
Gold: 439           SH:  5    Dex:  9    Spells: 10/10 levels left

rFire   . . .        G - +2 flail (protect)
rCold   . . .        c - +0 buckler
rNeg    + + .        v - +0 plate armour
rPois   ∞            C - +0 helmet
rElec   +            (no cloak)
rCorr   .            B - +0 pair of gloves
SInv    .            (no boots)
Will    .....        (no amulet) Stlth
                     u - ring of positive energy
HPRegen 0.31/turn    z - +6 ring of strength
MPRegen 0.12/turn

%: no passive effects
@: lightly drained
A: sickness immunity, AC +8, negative energy resistance 1, electricity
resistance, torment resistance 1, petrification resistance
a: Renounce Religion, Heroism


You were on level 2 of the Abyss.
You worshipped Okawaru.
Okawaru was aware of your devotion.
You visited 2 branches of the dungeon, and saw 12 of its levels.
You visited the Abyss 1 time.

You collected 439 gold pieces.

Inventory:

Hand Weapons
 G - a +2 flail of protection (weapon)
Missiles
 n - 27 poisoned darts (quivered)
Armour
 c - a +0 buckler (worn)
 v - a +0 plate armour (worn)
 B - a +0 pair of gloves (worn)
 C - a +0 helmet (worn)
Jewellery
 u - a ring of positive energy (left hand)
 z - a +6 ring of strength (right hand)
Scrolls
 a - a scroll of immolation {unknown}
 e - 2 scrolls of fear {unknown}
 f - 5 scrolls of identify {unknown}
 j - 2 scrolls of noise {unknown}
 k - a scroll of torment {unknown}
 l - a scroll of revelation {unknown}
 o - 9 scrolls of teleportation {unknown}
 s - 2 scrolls of blinking {unknown}
 w - a scroll of acquirement {unknown}
 x - a scroll of silence {unknown}
 y - 2 scrolls of poison {unknown}
 D - a scroll of enchant weapon {unknown}
 F - a scroll of enchant armour {unknown}
 I - a scroll of fog {unknown}
Potions
 b - 3 potions of brilliance {unknown}
 d - a potion of might
 g - 2 potions of curing {unknown}
 h - a potion of attraction {unknown}
 i - a potion of degeneration {unknown}
 m - 5 potions of lignification {unknown}
 p - a potion of enlightenment {unknown}
 q - a potion of ambrosia {unknown}
 r - 3 potions of mutation {unknown}
 t - a potion of invisibility {unknown}
 A - 3 potions of magic {unknown}
 E - a potion of berserk rage {unknown}
 H - a potion of cancellation {unknown}


   Skills:
 + Level 8.9 Fighting
 + Level 10.8 Maces & Flails
 + Level 1.5 Throwing
 + Level 9.4 Armour
 + Level 2.2 Dodging
 + Level 1.2 Stealth
 + Level 6.1 Shields


You had 10 spell levels left.
You didn't know any spells.
Your spell library contained the following spells:

 Spells                   Type           Power      Damage    Failure   Level
 Wereblood                Tmut           0%         N/A       99%         2
 Ignite Poison            Fire/Tmut/Pois 0%         N/A       100%        3
 Stone Arrow              Conj/Erth      0%         3d7       100%        3
 Sticky Flame             Conj/Fire      0%         2d3       100%        4
 Ignition                 Fire           0%         3d3       100%        8
 Lehudib's Crystal Spear  Conj/Erth      0%         10d2      100%        8
 Sublimation of Blood     Necr           Unusable   N/A       N/A         2
 Animate Armour           Summ/Erth      Unusable   N/A       N/A         4
 Summon Hydra             Summ           Unusable   N/A       N/A         7

Dungeon Overview and Level Annotations

Branches:
Dungeon (11/15)            Temple (1/1) D:6            Lair (0/5) D:10
    Orc (0/2) D:10

Altars:
Ashenzari
Cheibriados
Dithmenos
Elyvilon
Fedhas
Gozag
Hepliaklqana
Kikubaaqudgha
Makhleb
Nemelex Xobeh
Okawaru
Qazlal
Ru
Sif Muna
Trog
Uskayaw
Vehumet
Wu Jian
Xom
Yredelemnul
Zin
The Shining One

Shops:
D:1 :   D:11 *

Annotations:
D:3 3 runed translucent doors, Vruhak's ghost, amateur KoHu
D:4 2 runed translucent doors, Scrael's ghost, amateur TrSh


Innate Abilities, Weirdness & Mutations

You are immune to sickness and miasma.
Your stone body is resilient. (AC +8)
You are immune to poison.
You resist negative energy. (rN+)
You are resistant to electric shocks. (rElec)
You are resistant to unholy torment.
You are immune to petrification.


Message History

The orange demon screeches!
The flying skull barely misses you.
The flying skull attacks as it pursues you!
The flying skull hits you but does no damage. x2
The flying skull attacks as it pursues you!
The flying skull hits you!
The flying skull attacks as it pursues you!
The flying skull barely misses you.
The flying skull hits you but does no damage.
The flying skull hits you but does no damage.
The flying skull hits you but does no damage.
The flying skull attacks as it pursues you!
The flying skull hits you!
A thrashing horror comes into view.
The thrashing horror moves out of view.
The flying skull hits you but does no damage.
The thrashing horror roars!
The flying skull attacks as it pursues you!
The flying skull hits you.
* * * LOW HITPOINT WARNING * * *
A sixfirhy comes into view.
The flying skull hits you but does no damage.
The ufetubus hits you but does no damage. x2
The orange demon attacks as it pursues you!
The orange demon stings you from afar.
* * * LOW HITPOINT WARNING * * *
The starcursed mass shrieks in your mind.
* * * LOW HITPOINT WARNING * * *
The sixfirhy hits you but does no damage.
The orange demon stings you but does no damage.
The orange demon closely misses you.
A starcursed mass splits.
A chorus of shrieks assaults your mind.
* * * LOW HITPOINT WARNING * * *
The sixfirhy attacks as it pursues you!
The sixfirhy hits you but does no damage.
You block the sixfirhy's attack.
The sixfirhy hits you but does no damage. x2
You block the orange demon's attack. The sixfirhy hits you!
You die...

#.#. ##. ..##.#.#.#
...###..#.#.XX..#
.#...#.##.#...#
#..##..#.#.z#.#
#....#X..#.#
###...z54##.####. .X.
#.#...#.#..#.54.4...z..
#.......3#####. . ## .
#..##.@#.# ..###..#
#.#.###.# ##..# ..# .#
. .# ##. .# . #. ##..
##


You could see a starcursed mass, a revenant, an orange demon, a sixfirhy, a
flying skull and an ufetubus (summoned).

Vanquished Creatures
  Pikel (D:6)
  Maggie (D:9)
  2 trolls
  Prince Ribbit (D:6)
  A flying skull (Abyss:2)
  6 yaks
  A wraith (D:10)
  2 wyverns
  An acid dragon (D:10)
  An ice beast (D:7)
  2 black bears
  3 ogres
  4 centaurs
  A kobold brigand (D:9)
  4 lemures (D:5)
  6 bullfrogs
  A gnoll sergeant (D:10)
  5 scorpions
  2 necrophages (D:6)
  A water moccasin zombie (D:6)
  12 wights
  8 killer bees
  2 centaur zombies (D:6)
  A bullfrog zombie (D:6)
  A human zombie (D:6)
  A gnoll bouda (D:8)
  2 iguanas
  Terence (D:2)
  7 orc wizards
  2 sleepcaps (D:5)
  A mummy (D:6)
  13 gnolls
  10 adders
  3 white imps (D:5)
  An ufetubus (D:5)
  4 worms
  5 dart slugs
  17 orcs
  4 ball pythons
  7 endoplasms
  3 giant cockroaches (D:4)
  12 goblins
  10 hobgoblins
  8 jackals
  16 kobolds
  2 quokkas
  4 frilled lizards
  2 rats (D:1)
205 creatures vanquished.

Vanquished Creatures (others)
  An orc (D:10)
1 creature vanquished.

Grand Total: 206 creatures vanquished

Notes
Turn   | Place    | Note
-------+----------+-------------------------------------------
     0 | D:1      | AdnanSaban the Gargoyle Fighter began the quest for the
                  | Orb.
     0 | D:1      | Reached XP level 1. HP: 14/14 MP: 1/1
    98 | D:1      | Found Tetaxaf's Vocational Training.
   244 | D:1      | Reached XP level 2. HP: 17/19 MP: 2/2
   735 | D:1      | Reached XP level 3. HP: 15/24 MP: 3/3
   909 | D:2      | Identified the +1 pair of gloves "Viloblic" {rPois rF-
                  | Dex+4 Stlth-}
  1044 | D:2      | Reached skill level 3 in Maces & Flails
  1120 | D:2      | Reached XP level 4. HP: 29/29 MP: 4/4
  1367 | D:2      | Noticed Terence
  1382 | D:2      | Killed Terence
  1643 | D:3      | Found a runed translucent gate.
  1644 | D:3      | Noticed Vruhak's ghost (amateur KoHu)
  1644 | D:3      | Found a runed translucent gate.
  1655 | D:3      | Found a runed translucent gate.
  1740 | D:3      | Found a burning altar of Makhleb.
  1955 | D:3      | Reached XP level 5. HP: 30/33 MP: 5/5
  2353 | D:4      | Reached skill level 4 in Maces & Flails
  2353 | D:4      | Reached skill level 1 in Dodging
  2404 | D:4      | Reached XP level 6. HP: 33/38 MP: 6/6
  2524 | D:4      | Found a glowing silver altar of Zin.
  2762 | D:4      | Found a runed translucent door.
  2997 | D:4      | Noticed Scrael's ghost (amateur TrSh)
  3054 | D:4      | Found a runed translucent door.
  3272 | D:5      | Entered Level 5 of the Dungeon
  3326 | D:5      | Found Weajubo's Assorted Antiques.
  3347 | D:5      | Reached skill level 5 in Maces & Flails
  3347 | D:5      | Reached XP level 7. HP: 16/44 MP: 7/7
  3999 | D:5      | Reached skill level 5 in Armour
  4318 | D:5      | Found a white marble altar of Elyvilon.
  4319 | D:5      | Found an ornate altar of the Wu Jian Council.
  4319 | D:5      | Found a sacrificial altar of Ru.
  4321 | D:5      | Found a snail-covered altar of Cheibriados.
  4688 | D:6      | Reached skill level 5 in Fighting
  4688 | D:6      | Reached skill level 6 in Maces & Flails
  4688 | D:6      | Reached XP level 8. HP: 32/49 MP: 8/8
  4867 | D:6      | Reached skill level 1 in Stealth
  4872 | D:6      | Found a basalt altar of Yredelemnul.
  4966 | D:6      | Noticed Prince Ribbit
  5213 | D:6      | Killed Prince Ribbit
  5214 | D:6      | Reached skill level 7 in Maces & Flails
  5321 | D:6      | Noticed Pikel
  5392 | D:6      | Reached skill level 1 in Throwing
  5675 | D:6      | Identified the +8 dagger "Ezxa" {holy, rPois Int+5 SInv}
  5879 | D:7      | Reached XP level 9. HP: 46/55 MP: 9/9
  5924 | D:7      | Found a hide-covered altar of Uskayaw.
  6073 | D:6      | Killed Pikel
  6074 | D:6      | Reached skill level 8 in Maces & Flails
  6431 | D:6      | Found a bloodstained altar of Trog.
  6451 | D:6      | Found a staircase to the Ecumenical Temple.
  6652 | Temple   | Entered the Ecumenical Temple
  7102 | D:7      | Found a hazy altar of Hepliaklqana.
  7342 | D:7      | Found a blossoming altar of Fedhas.
  7371 | D:7      | Reached skill level 5 in Shields
  7580 | D:7      | Noticed a +0 hand axe
  7580 | D:7      | Noticed a +0 hand axe
  7828 | D:8      | Reached skill level 9 in Maces & Flails
  8003 | D:8      | Reached XP level 10. HP: 31/64 MP: 10/10
  8281 | D:8      | Found a broken altar of Ashenzari.
  8618 | D:8      | Found a radiant altar of Vehumet.
  8962 | D:9      | Noticed Maggie
  8982 | D:9      | Killed Maggie
  9160 | D:9      | Found a shimmering blue altar of Sif Muna.
  9169 | D:9      | Found a stormy altar of Qazlal.
  9210 | D:9      | Found an iron altar of Okawaru.
  9282 | D:9      | Became a worshipper of Warmaster Okawaru
  9561 | D:10     | Entered Level 10 of the Dungeon
  9561 | D:10     | Found a staircase to the Orcish Mines.
  9914 | D:10     | Reached * piety under Okawaru
  9915 | D:10     | Reached skill level 10 in Maces & Flails
 10184 | D:10     | Found a staircase to the Lair.
 11243 | D:11     | Found Ughaczae's Assorted Antiques.
 11334 | D:11     | Noticed a wizard
 11368 | Abyss:2  | Cast into level 2 of the Abyss (a wizard)
 11420 | Abyss:2  | Noticed a revenant
 11429 | Abyss:2  | Reached XP level 11. HP: 69/69 MP: 11/11
 11462 | Abyss:2  | Noticed a starcursed mass
 11497 | Abyss:2  | Noticed a thrashing horror
 11500 | Abyss:2  | Noticed a sixfirhy
 11503 | Abyss:2  | Slain by a sixfirhy

Illustrated notes

Levels and vault maps discovered:
D:1:      dpeg_arrival_radiant, layout_loops_cross, minivault_19,
          nicolae_shop_vocational
D:2:      layout_rooms, nicolae_figureground_pulse, uniq_terence
D:3:      layout_loops_ring, bloody_makhleb, biasface_ghost_orc_armoury
D:4:      cheibrodos_greedy_goblins, layout_loops_ring,
          mainiacjoe_overflow_alcove_1, ebering_ghost_sewer_f,
          nicolae_half_adder
D:5:      layout_basic, minitemple, serial_shops, shop, roderic_st_hans_cross
D:6:      layout_basic, lightli_temple_of_fire,
          lemuel_mausoleum_altar_yredelemnul, minmay_temple_entry_poolview,
          uniq_prince_ribbit1, uniq_pikel
D:7:      layout_basic, mainiacjoe_overflow_boulevard,
          mainiacjoe_overflow_chevrons, dancing_weapons_uskayaw, serial_curves,
          eino_curves_03, eino_curves_03, eino_curves_02, eino_curves_02,
          kennysheep_small_spiral
D:8:      layout_cave_pods, cheibrodos_ashenzari_chains,
          mainiacjoe_overflow_surrounded_room, grunt_decor_one_mirror
D:9:      layout_small_grid, lemuel_doored_altar, mainiacjoe_overflow_big_doors,
          grunt_ministairs_6, minmay_misc_feat_five, uniq_maggie
D:10:     layout_cave_pools, lair_entry_dummy, orc_0_dummy,
          lemuel_flamethrower_2
D:11:     layout_loops_corners, serial_shops, shop, lightli_wizard_tower
Temple:   hellmonk_temple_rainy
Abyss:2:  base: D:6, evilmike_abyss_exit_15

Skill      XL: |  1  2  3  4  5  6  7  8  9 10 |
---------------+-------------------------------+-----
Fighting       | 4 5 7 8 |  8.9
Maces & Flails | 3 4 5 6 7 9 10 | 10.8
Armour         | 4 5 6 8 9 |  9.4
Dodging        | 1 2 |  2.2
Shields        | 4 5 6 |  6.1
Stealth        | 1 |  1.2
Throwing       | 1 |  1.5

Action                     |  1- 3 |  4- 6 |  7- 9 | 10-12 || total
---------------------------+-------+-------+-------+-------++-------
  Melee: Flail             |    88 |   230 |   294 |   237 ||   849
         Whip              |       |       |   160 |    66 ||   226
  Throw: Dart              |       |       |    14 |     5 ||    19
 Armour: Scale mail        |    64 |   131 |    50 |       ||   245
         Plate armour      |       |       |   225 |   248 ||   473
  Dodge: Dodged            |    61 |   115 |   149 |   117 ||   442
  Block: Buckler           |    14 |    44 |    82 |    77 ||   217

Table legend: (Time is in decaauts)
 A = Elapsed time spent in this place.
 B = Non-inter-level travel time spent in this place.
 C = Inter-level travel time spent in this place.
 D = Time resting spent in this place.
 E = Time spent auto-exploring this place.
 F = Levels seen in this place.
 G = Mean time per level.
                   A        B        C        D        E       F      G
               +--------+--------+--------+--------+--------+-----+--------+
         Total |  11533 |  11125 |    408 |    547 |   8442 |  13 |  887.2 |
       Dungeon |  11397 |  10989 |    408 |    547 |   8398 |  11 | 1036.1 |
        Temple |      1 |      1 |      0 |      0 |      0 |   1 |    1.0 |
         Abyss |    134 |    134 |      0 |      0 |     44 |   1 |  134.0 |
               +--------+--------+--------+--------+--------+-----+--------+

Top non-repeatable levels by time:
     D:6: 1768 daAuts
     D:5: 1458 daAuts
     D:7: 1189 daAuts
     D:8: 1100 daAuts
     D:4: 996 daAuts
    D:10: 985 daAuts
     D:9: 965 daAuts
     D:1: 893 daAuts
     D:3: 737 daAuts
     D:2: 723 daAuts
    D:11: 577 daAuts
 Abyss:2: 134 daAuts
  Temple: 1 daAuts
